 Dungeon Crawl Stone Soup version 0.30-a0-122-g2a1322497e (webtiles) character file.

Game seed: 5259737171653827157

58 KittyKat the Ruffian (level 3, -2/28 HPs)
             Began as a Draconian Transmuter on Sept 15, 2022.
             Slain by Ijyb
             ... wielding a +0 dagger
              (3 damage)
             ... on level 3 of the Dungeon.
             The game lasted 00:02:58 (1540 turns).

KittyKat the Ruffian (Draconian Transmuter)         Turns: 1540, Time: 00:02:59

Health: -2/28      AC:  5    Str: 14    XL:     3   Next: 75%
Magic:  6/6        EV: 12    Int: 13    God:
Gold:   195        SH:  0    Dex: 11    Spells: 5/6 levels left

rFire   . . .      SeeInvis .      - Unarmed
rCold   . . .      Faith    .    (no shield)
rNeg    . . .      Spirit   .    (body armour unavailable)
rPois   .          Reflect  .    (helmet currently unavailable)
rElec   .          Harm     .    (no cloak)
rCorr   .          Rampage  .    (no gloves)
Will    .....                    (boots currently unavailable)
Stlth   +.........               (no amulet)
HPRegen 0.09/turn                (no ring)
MPRegen 0.10/turn                (no ring)

@: appendages (expiring)
A: horns 2, talons 2, AC +5, unfitting armour, cold-blooded
a: End Transformation


You were on level 3 of the Dungeon.
You had temporarily grown beastly horns and talons.
You visited 1 branch of the dungeon, and saw 3 of its levels.

You collected 195 gold pieces.

Inventory:

Scrolls
 b - 4 scrolls of identify {unknown}
 c - a scroll of butterflies {unknown}
 d - a scroll of brand weapon {unknown}
 e - a scroll of amnesia {unknown}
 f - a scroll of fear {unknown}
 h - 2 scrolls of teleportation {unknown}
 i - a scroll of blinking {unknown}
Potions
 a - a potion of lignification
 g - a potion of curing {unknown}


   Skills:
 - Level 1.1 Fighting
 + Level 2.3 Dodging
 + Level 3.3 Unarmed Combat
 + Level 2.4 Spellcasting
 * Level 3.0 Transmutations


You had 5 spell levels left.
You knew the following spells:

 Your Spells              Type           Power      Damage    Failure   Level
a - Beastly Appendage     Tmut           18%        N/A       7%          1

Your spell library contained the following spells:

 Spells                   Type           Power      Damage    Failure   Level
 Wereblood                Tmut           9%         N/A       11%         2
 Shock                    Conj/Air       4%         1d3       24%         1
 Spider Form              Tmut/Pois      5%         N/A       36%         3
 Swiftness                Air            1%         N/A       58%         3
 Ice Form                 Ice/Tmut       5%         N/A       78%         4
 Airstrike                Air            0%         2d(1-17)  94%         4


Dungeon Overview and Level Annotations

Branches:
Dungeon (3/15)

Altars:
Sif Muna

Annotations:
D:3 Ijyb


Innate Abilities, Weirdness & Mutations

You have temporarily grown beastly horns and talons.
Your plain brown scales are hard. (AC +5)
You cannot fit into any form of body armour.
You are cold-blooded and may be slowed by cold attacks.


Message History

You closely miss Ijyb. You headbutt Ijyb!
Your tail-slap misses Ijyb.
Ijyb is severely wounded.
Ijyb hits you but does no damage.
You hit Ijyb but do no damage. You headbutt Ijyb, but do no damage.
Ijyb is severely wounded.
Ijyb completely misses you. The goblin hits you but does no damage.
You hit Ijyb. Your kick misses Ijyb. You headbutt Ijyb, but do no damage.
Your tail-slap misses Ijyb.
Ijyb is severely wounded.
Ijyb hits you but does no damage. The goblin hits you but does no damage.
You hit Ijyb but do no damage.
Ijyb is severely wounded.
You closely miss Ijyb. Your kick misses Ijyb.
You tail-slap Ijyb, but do no damage.
Ijyb is severely wounded.
Ijyb hits you with a +0 dagger.
* * * LOW HITPOINT WARNING * * *
The goblin hits you with a +0 club.
* * * LOW HITPOINT WARNING * * *
You hit Ijyb.
Ijyb is almost dead.
Ijyb hits you with a +0 dagger.
* * * LOW HITPOINT WARNING * * *
The goblin barely misses you.
You hit Ijyb. Your headbutt misses Ijyb.
Ijyb is almost dead.
Your transformation is almost over.
The goblin hits you with a +0 club.
* * * LOW HITPOINT WARNING * * *
Ijyb misses you.
Unknown command.
You barely miss Ijyb. Your punch misses Ijyb.
Ijyb is almost dead.
Ijyb hits you with a +0 dagger.
* * * LOW HITPOINT WARNING * * *
The goblin closely misses you.
You barely miss Ijyb. You headbutt Ijyb, but do no damage.
Ijyb is almost dead.
The goblin hits you but does no damage. Ijyb hits you with a +0 dagger.
You die...

# #.# #. #.# ####
##.# #.# #.. .....
#.# #.#
.#...###.#####.##
................#
...g....$.......#
#.####g#######.#
#@# #.# #g# #.# #.#
#.# #.#### #.#
......###.#
....#.#...#
#.#.#....######
#.#.#...........
####.#.##...#######


You could see Ijyb and a goblin.

Vanquished Creatures
  An adder (D:2)
  A worm (D:3)
  A dart slug (D:3)
  An orc (D:3)
  2 bats
  3 endoplasms
  A giant cockroach (D:2)
  9 goblins
  6 hobgoblins (D:2)
  3 jackals (D:2)
  A ball python (D:3)
  4 frilled lizards
  5 kobolds
  A rat (D:2)
39 creatures vanquished.

Notes
Turn   | Place    | Note
-------+----------+-------------------------------------------
     0 | D:1      | KittyKat the Draconian Transmuter began the quest for the
                  | Orb.
     0 | D:1      | Reached XP level 1. HP: 16/16 MP: 3/3
   337 | D:1      | Found a faded altar of an unknown god.
   895 | D:2      | Reached XP level 2. HP: 23/23 MP: 3/5
  1206 | D:2      | Reached XP level 3. HP: 28/28 MP: 6/6
  1292 | D:2      | Found a shimmering blue altar of Sif Muna.
  1527 | D:3      | Noticed Ijyb
  1539 | D:3      | HP: 1/28 [Ijyb/+0 dagger (1)]
  1540 | D:3      | Slain by Ijyb

Illustrated notes

Levels and vault maps discovered:
D:1:      shiori_arrival_whats_in_store_for_you, layout_basic,
          shapermc_ecumenical_altar_mp_ritualfount,
          corexii_item_surrounded_by_moat
D:2:      cheibrodos_greedy_goblins, layout_basic, basic_altar
D:3:      layout_loops_ring, uniq_ijyb

Skill      XL: |  1  2  3 |
---------------+----------+-----
Dodging        | 2 |  2.3
Transmutations | 3 |  3.0
Fighting       | |  1.1
Unarmed Combat | |  3.3
Spellcasting   | |  2.4

Action                   || total
-------------------------++-------
Melee: Unarmed           ||    89
       Kick              ||    19
       Headbutt          ||    16
       Tailslap          ||     4
       Punch             ||     1
 Cast: Beastly Appendage ||    18
 Stab: Sleeping          ||     1
Armor: Skin              ||    22
Dodge: Dodged            ||    49

Table legend: (Time is in decaauts)
 A = Elapsed time spent in this place.
 B = Non-inter-level travel time spent in this place.
 C = Inter-level travel time spent in this place.
 D = Time resting spent in this place.
 E = Time spent auto-exploring this place.
 F = Levels seen in this place.
 G = Mean time per level.
                   A        B        C        D        E       F      G
               +--------+--------+--------+--------+--------+-----+--------+
         Total |   1535 |   1535 |      0 |     64 |   1050 |   3 |  511.7 |
       Dungeon |   1535 |   1535 |      0 |     64 |   1050 |   3 |  511.7 |
               +--------+--------+--------+--------+--------+-----+--------+

Top non-repeatable levels by time:
     D:1: 759 daAuts
     D:2: 651 daAuts
     D:3: 124 daAuts
